 Dungeon Crawl Stone Soup version 0.21.1-1-g345015fe64 (webtiles) character file.

38282 Jannitor the Fighter (level 13, 0/163 HPs)
             Began as a Demonspawn Berserker on May 27, 2018.
             Was a High Priest of Trog.
             Slain by an anaconda skeleton (3 damage)
             ... in a volcano.
             The game lasted 00:24:09 (19562 turns).

Jannitor the Fighter (Demonspawn Berserker)        Turns: 19562, Time: 00:24:10

Health: 0/163      AC: 17    Str: 27    XL:     13   Next: 63%
Magic:  13/13      EV:  9    Int: 10    God:    Trog [*****.]
Gold:   1437       SH:  7    Dex: 12    Spells: 12/12 levels left

rFire    + . .     SeeInvis .   H - +1 broad axe (flame)
rCold    + . .     Gourm    .   G - +2 buckler
rNeg     . . .     Faith    +   r - +0 plate armour
rPois    +         Spirit   .   (helmet restricted)
rElec    .         Reflect  .   (no cloak)
rCorr    .         Harm     .   (no gloves)
MR       +....                  (boots unavailable)
Stlth    ..........             a - amulet of faith
HPRegen  0.37/turn              I - ring of protection from magic
MPRegen  0.13/turn              w - ring of poison resistance

@: berserking, drained, very quick
A: horns 1, talons 3, thin metallic scales 1, cold resistance 1, demonic
guardian 1, fire resistance 1
a: Berserk, Trog's Hand, Brothers in Arms, Burn Spellbooks, Renounce Religion


You were in a volcano.
You worshipped Trog.
Trog was extremely pleased with you.
You were hungry.

You visited 3 branches of the dungeon, and saw 19 of its levels.
You also visited: Sewer, Ossuary and Volcano.

You collected 1533 gold pieces.
You spent 96 gold pieces at shops.

Inventory:

Hand Weapons
 u - a +0 broad axe
 H - a +1 broad axe of flaming (weapon)
Missiles
 J - 8 throwing nets (quivered)
Armour
 r - a +0 plate armour (worn)
 G - a +2 buckler (worn)
Jewellery
 a - an amulet of faith (around neck)
 i - an uncursed amulet of harm {unknown}
 j - an uncursed ring of magical power
 l - an uncursed ring of protection from magic
 w - a ring of poison resistance (right hand)
 y - an uncursed ring of flight
 I - a ring of protection from magic (left hand)
 M - an uncursed amulet of the gourmand {unknown}
Wands
 m - a wand of acid (7)
 p - a wand of paralysis (3)
 x - a wand of polymorph (23)
 B - a wand of digging (18)
 O - a wand of enslavement (19)
Scrolls
 e - 4 scrolls of remove curse
 g - a scroll of fear
 k - 5 scrolls of teleportation
 K - a scroll of fog
 N - 2 scrolls of enchant weapon
Potions
 d - 4 potions of flight
 f - 13 potions of heal wounds
 h - 3 potions of might
 n - 11 potions of curing
 o - a potion of brilliance
 q - 3 potions of cancellation
 t - 4 potions of lignification
 v - 3 potions of berserk rage
 z - a potion of mutation
 C - 5 potions of invisibility
 D - a potion of magic {unknown}
 E - 2 potions of agility
 F - 3 potions of haste
 P - a potion of ambrosia {unknown}
Miscellaneous
 b - a phial of floods
 Q - a fan of gales
Comestibles
 c - 10 rations


   Skills:
 + Level 12.7(12.4) Fighting
 + Level 11.8(11.5) Axes
 + Level 3.1(2.8) Throwing
 + Level 11.6(11.3) Armour
 + Level 3.7(3.5) Dodging
 + Level 7.5(7.3) Shields


You had 12 spell levels left.
You didn't know any spells.

Dungeon Overview and Level Annotations

Branches:
Dungeon (11/15)            Temple (0/1) D:7            Lair (6/6) D:11
 Shoals (0/4) Lair:3        Snake (0/4) Lair:2        Slime (0/5) Lair:5
    Orc (2/2) D:9             Elf (0/3) Orc:2

Altars:
Elyvilon
Gozag
Hepliaklqana
Kikubaaqudgha
Okawaru
Qazlal
Ru
Vehumet
Xom
Yredelemnul
Zin
The Shining One
Beogh

Shops:
D:7 (   Orc:1 (   Orc:2 %

Annotations:
D:8 Tali's ghost, novice MiFi
Lair:5 exclusion: 3 oklob plants


Innate Abilities, Weirdness & Mutations

You have claws for feet.
You are partially covered in thin metallic scales. (AC +2)
A weak demonic guardian rushes to your aid.
Your flesh is heat resistant. (rF+)
You have a pair of small horns on your head.
Your flesh is cold resistant. (rC+)


Message History

You hit the gargoyle. You burn the gargoyle.
The skeletal warrior hits you with a halberd of flaming!
* * * LOW HITPOINT WARNING * * *
The skeletal warrior burns you.
* * * LOW HITPOINT WARNING * * *
The gargoyle hurls a stone arrow at you.
The stone arrow hits you!
* * * LOW HITPOINT WARNING * * *
Unknown command.
You chop the skeletal warrior into pieces!!!
You burn the skeletal warrior!
You feel the power of Trog in you as your rage grows.
You destroy the skeletal warrior!
Trog accepts your kill.
Trog will gift you weapons as you gain piety.
You slash the anaconda skeleton! You burn the anaconda skeleton.
You hit the gargoyle but do no damage.
You block the anaconda skeleton's attack.
The anaconda skeleton bites you.
You die...

## .### ...## ####
....### ...# ......###
##.∩.###
........########......##
≈§........#.##.)..Z.....
≈§≈§≈......§.###@#..#.#
≈§§≈≈§§§.......9Z)....#
≈§§§§§§....≈.###.#..#.#
§§§≈≈≈≈...#.## ........
§§≈≈≈≈≈≈..### #......#
≈§≈≈§§≈§§## ##.##.##
≈≈≈§§≈≈≈## .# .# ≈§≈§≈§#
.# # §## .#


You could see a gargoyle, an anaconda skeleton and an alligator skeleton.

Vanquished Creatures
  Harold (Lair:3)
  Josephine (Lair:4)
  Fannar (Lair:3)
  3 hydras
  A two-headed ogre (D:10)
  3 death yaks
  Urug (Lair:3)
  A skeletal warrior (Volcano)
  The ghost of ady5 the Digger, a novice GrEE of Vehumet (D:7)
  Pikel (D:7)
  An ugly thing (D:11)
  A cyclops (Orc:1)
  2 manticores
  2 black mambas
  A torpor snail (Lair:5)
  4 spiny frogs
  2 gargoyles
  3 komodo dragons
  A kobold demonologist (D:11)
  4 trolls
  2 harpy skeletons (Volcano)
  A polar bear (Lair:3)
  14 blink frogs
  A tyrant leech (Lair:5)
  6 hippogriffs
  Sigmund (D:2)
  3 flying skulls (Volcano)
  2 basilisks
  3 wyverns
  Grum (D:8)
  2 humans (D:7)
  23 yaks
  3 wraiths (Lair:4)
  A hungry ghost (D:9)
  The ghost of Tutankhamun the Chopper, an amateur BaBe of Trog (D:3)
  A vampire mosquito (Lair:5)
  3 nagas (Lair:2)
  A warg (Orc:2)
  An acid dragon (D:11)
  A steam dragon (D:11)
  2 hell hounds (Orc:2)
  5 porcupines
  12 water moccasins
  5 ice beasts
  10 orc warriors
  6 ogres
  8 wolves
  2 centaurs
  10 crocodiles
  A big kobold (D:11)
  12 bullfrogs
  A gnoll sergeant (D:10)
  6 scorpions
  A water moccasin skeleton (D:9)
  13 killer bees
  2 howler monkeys
  2 vampire bats (D:3)
  2 troll skeletons (Volcano)
  An electric eel (Orc:1)
  3 crimson imps
  2 centaur zombies
  3 hounds
  A quasit (D:10)
  3 jellies
  4 orc priests
  10 orc wizards
  Jessica (D:2)
  2 bullfrog skeletons
  An iguana (D:5)
  2 worker ants
  A killer bee zombie (D:6)
  A hound zombie (D:9)
  8 mummies (Ossuary)
  Robin (D:2)
  3 worker ant zombies
  9 gnolls
  A howler monkey skeleton (D:4)
  6 adders
  2 river rats
  3 shadow imps
  An ooze (D:7)
  6 worms
  2 dart slugs (D:1)
  3 leopard geckos
  34 orcs
  3 bat skeletons (D:3)
  A bat zombie (D:3)
  6 giant cockroaches
  9 goblins
  13 hobgoblins
  11 jackals
  13 kobolds
  4 quokkas
  3 ball pythons
  5 bats
  6 frilled lizards
  2 gnoll zombies (Ossuary)
  2 hobgoblin zombies (Ossuary)
  3 kobold zombies (Ossuary)
  An orc zombie (Ossuary)
  3 quokka zombies (D:5)
  9 rats
  2 butterflies (Lair:5)
  A fungus (Lair:4)
  A plant (Lair:4)
418 creatures vanquished.

Vanquished Creatures (collateral kills)
  An orc warlord (Orc:1)
  Snorg (Lair:3)
  A two-headed ogre (D:8)
  4 oklob plants (Lair:5)
  A rime drake (Lair:3)
  2 komodo dragons (Lair:3)
  2 blink frogs (Lair:4)
  A hippogriff (Lair:3)
  4 yaks
  A basilisk (Lair:3)
  A water moccasin (Lair:1)
  An orc warrior (Orc:1)
  A phantom (D:7)
  4 crocodiles
  A wolf (D:8)
  A big kobold (Sewer)
  2 bullfrogs
  2 howler monkeys (D:6)
  An orc priest (D:7)
  An orc wizard (D:5)
  2 iguanas
  A gnoll (D:3)
  5 orcs
  A jackal (Sewer)
  A kobold (Sewer)
  3 plants (Lair:5)
46 creatures vanquished.

Vanquished Creatures (others)
  An ogre (D:7)
  A worker ant zombie (D:7)
  3 jackals (D:7)
  3 fungi (Lair:3)
  A plant (Lair:3)
9 creatures vanquished.

Grand Total: 473 creatures vanquished

Notes
Turn   | Place    | Note
-------+----------+-------------------------------------------
     0 | D:1      | Jannitor the Demonspawn Berserker began the quest for the Orb.
     0 | D:1      | Reached XP level 1. HP: 18/18 MP: 1/1
   453 | D:1      | Gained mutation: You are partially covered in thin metallic scales. (AC +2) [demonic ancestry]
   453 | D:1      | Reached XP level 2. HP: 21/24 MP: 2/2
  1149 | D:2      | Reached ** piety under Trog
  1211 | D:2      | Reached XP level 3. HP: 15/29 MP: 3/3
  1385 | D:2      | Noticed Jessica
  1392 | D:2      | Killed Jessica
  1427 | D:2      | Found a shimmering altar of Xom.
  1477 | D:2      | Gained mutation: You have sharp toenails. [demonic ancestry]
  1477 | D:2      | Reached XP level 4. HP: 29/37 MP: 4/4
  1524 | D:2      | Noticed Sigmund
  1539 | D:2      | Killed Sigmund
  1539 | D:2      | Reached skill level 4 in Fighting
  1539 | D:2      | Reached XP level 5. HP: 43/43 MP: 5/5
  1616 | D:2      | Noticed Robin
  1628 | D:2      | Killed Robin
  1747 | D:3      | Noticed Tutankhamun's ghost (amateur BaBe)
  1757 | D:3      | Killed Tutankhamun's ghost
  1757 | D:3      | Gained mutation: A weak demonic guardian rushes to your aid. [demonic ancestry]
  1757 | D:3      | Reached XP level 6. HP: 50/50 MP: 6/6
  1815 | D:3      | Found an ancient bone altar of Kikubaaqudgha.
  1826 | D:3      | Reached *** piety under Trog
  1826 | D:3      | Reached skill level 5 in Fighting
  2015 | D:3      | Received a gift from Trog
  2024 | D:3      | Gained mutation: You have razor-sharp toenails. [demonic ancestry]
  2024 | D:3      | Reached XP level 7. HP: 37/56 MP: 7/7
  2403 | D:4      | Reached skill level 5 in Axes
  2900 | D:5      | Entered Level 5 of the Dungeon
  3037 | D:5      | Found a sand-covered staircase.
  3053 | Ossuary  | Entered an ossuary
  3063 | Ossuary  | Reached **** piety under Trog
  3110 | Ossuary  | Reached skill level 5 in Armour
  3264 | Ossuary  | Reached skill level 6 in Fighting
  3535 | D:5      | Reached XP level 8. HP: 36/64 MP: 8/8
  4346 | D:6      | Reached skill level 7 in Fighting
  4351 | D:6      | Found a glowing silver altar of Zin.
  4492 | D:6      | Found a glowing drain.
  4514 | Sewer    | Entered a sewer
  4526 | Sewer    | Reached ***** piety under Trog
  4677 | Sewer    | Found a glowing silver altar of Zin.
  4773 | D:6      | Found a stormy altar of Qazlal.
  4774 | D:6      | Noticed an air elemental
  4927 | D:6      | Reached XP level 9. HP: 54/72 MP: 9/9
  4938 | D:6      | Found a basalt altar of Yredelemnul.
  5045 | D:6      | Found an opulent altar of Gozag.
  5207 | D:7      | Found a radiant altar of Vehumet.
  5222 | D:7      | Found an iron altar of Okawaru.
  5382 | D:7      | Reached skill level 8 in Fighting
  5391 | D:7      | Noticed ady5's ghost (novice GrEE)
  5603 | D:7      | Found Heclua's Antique Weapon Emporium.
  5619 | D:7      | Bought a broad axe for 96 gold pieces
  5630 | D:7      | Noticed Pikel
  5652 | D:7      | Killed Pikel
  5698 | D:7      | Found a staircase to the Ecumenical Temple.
  5802 | D:7      | Killed ady5's ghost
  6010 | D:7      | Reached XP level 10. HP: 82/82 MP: 10/10
  6527 | D:8      | Reached skill level 9 in Fighting
  6537 | D:8      | Noticed Grum
  6548 | D:8      | Killed Grum
  6765 | D:8      | Noticed a two-headed ogre
  6789 | D:8      | Killed a two-headed ogre
  7103 | D:8      | Noticed Tali's ghost (novice MiFi)
  7308 | D:9      | Found a glowing golden altar of the Shining One.
  7507 | D:9      | Found a staircase to the Orcish Mines.
  7855 | D:9      | Found a white marble altar of Elyvilon.
  7883 | D:9      | Found a hazy altar of Hepliaklqana.
  8080 | D:9      | Found a sacrificial altar of Ru.
  8365 | D:10     | Entered Level 10 of the Dungeon
  8384 | D:10     | Reached skill level 10 in Fighting
  8510 | D:10     | Noticed a two-headed ogre
  8516 | D:10     | Killed a two-headed ogre
  8516 | D:10     | Reached skill level 1 in Shields
  8764 | D:10     | Reached XP level 11. HP: 81/91 MP: 11/11
  9618 | D:11     | Noticed a brown ugly thing
  9625 | D:11     | Killed a brown ugly thing
  9678 | D:11     | Found a staircase to the Lair.
  9691 | D:11     | Reached skill level 10 in Axes
 10104 | D:11     | Reached ****** piety under Trog
 10348 | Lair:1   | Entered Level 1 of the Lair of Beasts
 10353 | Lair:1   | Received a gift from Trog
 10699 | Lair:1   | Reached skill level 11 in Fighting
 10699 | Lair:1   | Reached skill level 10 in Armour
 11316 | Lair:2   | Gained mutation: You have claws for feet. [demonic ancestry]
 11316 | Lair:2   | Reached XP level 12. HP: 88/100 MP: 12/12
 11696 | Lair:2   | Noticed an eight-headed hydra
 11703 | Lair:2   | Killed a four-headed hydra
 11703 | Lair:2   | Reached skill level 5 in Shields
 11704 | Lair:2   | Found a staircase to the Snake Pit.
 12038 | Lair:2   | Noticed a five-headed hydra
 12048 | Lair:2   | Killed a one-headed hydra
 12746 | Lair:2   | Got a heavily runed platinum ring
 12748 | Lair:2   | Identified the ring "Elonuwk" {*Tele *Slow rN+ Str+3} (You found it on level 2 of the Lair of Beasts)
 13057 | Lair:3   | Noticed a death yak
 13057 | Lair:3   | Noticed a death yak
 13059 | Lair:3   | Noticed a death yak
 13061 | Lair:3   | Noticed a death yak
 13064 | Lair:3   | Noticed a death yak
 13418 | Lair:2   | Killed a death yak
 13447 | Lair:3   | Noticed Fannar
 13784 | Lair:3   | Noticed Urug
 13807 | Lair:3   | Killed Urug
 13863 | Lair:3   | Killed Fannar
 13863 | Lair:3   | Received a gift from Trog
 13863 | Lair:3   | Reached skill level 12 in Fighting
 13869 | Lair:3   | Got a scorched battleaxe {god gift}
 13873 | Lair:3   | Identified the +7 battleaxe of Tension {chop, -Tele Int+5 Dex+4} (Trog gifted it to you on level 3 of the Lair of Beasts)
 14080 | Lair:3   | Noticed Snorg
 14088 | Lair:3   | Killed Snorg
 14314 | Lair:3   | Noticed Harold
 14323 | Lair:3   | Killed Harold
 14324 | Lair:3   | Killed a death yak
 14325 | Lair:3   | Killed a death yak
 14430 | Lair:3   | Gained mutation: Your flesh is heat resistant. (rF+) [demonic ancestry]
 14430 | Lair:3   | Reached XP level 13. HP: 100/108 MP: 13/13
 14432 | Lair:3   | Found a staircase to the Shoals.
 14865 | Lair:4   | Reached skill level 1 in Throwing
 15268 | Lair:4   | Noticed Josephine
 15285 | Lair:4   | Killed Josephine
 16487 | Lair:5   | Gained mutation: You are agile. (Dex +2) [potion of mutation]
 16487 | Lair:5   | Lost mutation: You are agile. (Dex +2) [potion of mutation]
 16487 | Lair:5   | Gained mutation: You have a pair of small horns on your head. [potion of mutation]
 16487 | Lair:5   | Gained mutation: Your flesh is cold resistant. (rC+) [potion of mutation]
 16638 | Lair:5   | Identified the Compendium of Excruciating Aid
 16832 | Lair:5   | Found a staircase to the Slime Pits.
 16965 | Lair:5   | Found a glowing golden altar of the Shining One.
 17293 | Lair:6   | Entered Level 6 of the Lair of Beasts
 18334 | Orc:1    | Entered Level 1 of the Orcish Mines
 18573 | Orc:1    | Found Unoridgh's Weapon Emporium.
 18593 | Orc:1    | Found a roughly hewn altar of Beogh.
 18606 | Orc:1    | Noticed an orc warlord
 18850 | Orc:1    | Killed an orc warlord
 19329 | Orc:2    | Entered Level 2 of the Orcish Mines
 19345 | Orc:2    | Received a gift from Trog
 19365 | Orc:2    | Found Siomudd's Food Shoppe.
 19385 | Orc:2    | Found a dark tunnel.
 19483 | Volcano  | Entered a volcano
 19561 | Volcano  | HP: 3/163 [gargoyle/stone arrow (14)]
 19562 | Volcano  | Slain by an anaconda skeleton

Skill      XL: |  1  2  3  4  5  6  7  8  9 10 11 12 13 |
---------------+----------------------------------------+-----
Armour         | 2 3 4 5 6 7 9 10 11 | 11.6
Axes           | 3 4 5 6 8 9 10 11 | 11.8
Fighting       | 4 5 6 7 8 10 11 12 | 12.7
Shields        | 1 4 6 7 |  7.5
Dodging        | 3 |  3.7
Throwing       | 3 |  3.1

Action                   |  1- 3 |  4- 6 |  7- 9 | 10-12 | 13-15 || total
-------------------------+-------+-------+-------+-------+-------++-------
Melee: Hand axe          |   124 |    93 |   361 |       |       ||   578
       Kick              |       |    27 |   124 |   210 |    67 ||   428
       Broad axe         |       |       |    41 |   646 |   260 ||   947
       Headbutt          |       |       |       |       |    23 ||    23
Invok: Berserk           |     1 |     3 |     5 |    12 |     6 ||    27
       Trog's Hand       |       |     1 |     3 |     6 |     3 ||    13
       Burn Spellbooks   |       |       |     1 |     1 |     2 ||     4
       Brothers in Arms  |       |       |     1 |     3 |     5 ||     9
  Use: Scroll            |       |       |    16 |     7 |     9 ||    32
       Potion            |       |       |       |       |     1 ||     1
 Stab: Distracted        |       |       |       |     7 |     1 ||     8
  Eat: Chunk             |     3 |     5 |    12 |    25 |     4 ||    49
       Ration            |       |       |     2 |     6 |     6 ||    14
Armor: Animal skin       |     3 |       |       |       |       ||     3
       Ring mail         |    54 |    51 |   121 |       |       ||   226
       Plate armour      |       |       |    58 |   477 |   171 ||   706
Dodge: Dodged            |    78 |    79 |   189 |   237 |    96 ||   679
Block: Buckler           |       |       |       |    96 |    97 ||   193
